 Dungeon Crawl Stone Soup version 0.17-a0-1711-gc5340a3 (webtiles) character file.

228 kae the Ruffian (level 5, -1/40 HPs)
             Began as a Draconian Transmuter on Aug 22, 2015.
             Slain by an adder (4 damage)
             ... on level 3 of the Dungeon.
             The game lasted 00:03:39 (3790 turns).

kae the Ruffian (Draconian Transmuter)              Turns: 3790, Time: 00:03:39

Health: -1/40      AC:  6    Str: 13    XL:     5   Next: 70%
Magic:  8/8        EV: 12    Int: 13    God:
Gold:   150        SH:  0    Dex: 12    Spells: 3 memorised, 2 levels left

rFire  . . .     SeeInvis .       - Unarmed
rCold  . . .     Clarity  .     (armour unavailable)
rNeg   . . .     SustAt   .     (no shield)
rPois  .         Gourm    .     (helmet restricted)
rElec  .         Spirit   .     g - +0 cloak
rCorr  .         Warding  .     (no gloves)
rMut   .         Stasis   .     (no boots)
MR     .....                    (no amulet)
Stlth  +.........               (no ring)
                                (no ring)

@: lethally poisoned (-1 -> -3), very slightly contaminated, hasted, very quick,
not resistant to hostile enchantments, very unstealthy
A: unfitting armour, cold-blooded, AC +5
a: no special abilities


You were on level 3 of the Dungeon.
You were hungry.

You visited 1 branch of the dungeon, and saw 3 of its levels.

You collected 150 gold pieces.

Inventory:

Missiles
 a - 34 arrows
Armour
 g - a +0 cloak (worn)
Jewellery
 j - an uncursed ring of see invisible {unknown}
Magical devices
 d - a wand of digging (4)
Scrolls
 e - a scroll of identify {unknown}
 h - 2 scrolls of remove curse {unknown}
 k - a scroll of magic mapping {unknown}
Books
 b - a book of Changes

   Spells                             Type                      Level
   a - Beastly Appendage              Transmutation                1
   b - Sticks to Snakes               Transmutation                2
   c - Spider Form                    Transmutation/Poison         3
   d - Ice Form                       Ice/Transmutation            4
   e - Blade Hands                    Transmutation                5
Comestibles
 c - a bread ration
 i - 3 fruits


   Skills:
 - Level 1.1 Fighting
 - Level 1.7 Dodging
 + Level 6.5 Unarmed Combat
 - Level 2.0 Spellcasting
 - Level 2.0 Transmutations


You had 2 spell levels left.
You knew the following spells:

 Your Spells              Type           Power        Failure   Level  Hunger
a - Beastly Appendage     Trmt           #.....       12%         1    ##.....
b - Sticks to Snakes      Trmt           #.........   17%         2    ###....
c - Spider Form           Trmt/Pois      #.........   52%         3    ####...


Dungeon Overview and Level Annotations

Branches:
Dungeon (3/15)

Altars:
Fedhas
The Shining One

Annotations:
D:3 Zebura's ghost, average DrSk


Innate Abilities, Weirdness & Mutations

Your plain brown scales are hard (AC +5).
Your body does not fit into most forms of armour.
You are cold-blooded and may be slowed by cold attacks.


Message History

You miss the adder.
The adder is moderately wounded.
You closely miss the adder. Your kick misses the adder.
The adder is moderately wounded.
The adder misses you.
You closely miss the adder. You claw the adder.
Your tail-slap misses the adder.
The adder is moderately wounded.
The adder closely misses you.
You barely miss the adder. Your kick misses the adder.
The adder is moderately wounded.
You hit the adder.
The adder is heavily wounded.
Your talons disappear.
* * * LOW HITPOINT WARNING * * *
You feel sick. The adder bites you but does no damage.
You miss the adder.
The adder is heavily wounded.
The adder bites you.
You die...

#####>...........................
#.###.....(......<# #####...
###.#.#.....)....#### #...
#.....#..........# #...
#.#..............# #.).
#................# #...
###.........(....# #######...
#...........)..# #.........
#.........)S@..# #.........
#............))# #..≈≈..<..
#..............# #≈≈.≈≈...#
#.........###### #≈≈_≈....#
###...))........######.≈≈≈....#
#.....)...................≈...#
#......####...................#
#......# #..............######
#......# #.....)........#


You could see an adder.

Vanquished Creatures
  A gnoll shaman (D:3)
  5 adders
  7 gnolls (D:3)
  An ooze (D:2)
  2 worms (D:2)
  3 giant geckos
  4 bats
  4 giant cockroaches
  3 goblins
  11 hobgoblins
  20 jackals
  6 kobolds
  9 rats
76 creatures vanquished.

Notes
Turn   | Place    | Note
--------------------------------------------------------------
     0 | D:1      | kae the Draconian Transmuter began the quest for the Orb.
     0 | D:1      | Reached XP level 1. HP: 16/16 MP: 3/3
   660 | D:1      | Reached XP level 2. HP: 21/23 MP: 5/5
  1333 | D:2      | Reached skill level 4 in Unarmed Combat
  1354 | D:2      | Reached XP level 3. HP: 4/28 MP: 4/6
  1358 | D:2      | HP: 1/28 [jackal (3)]
  1373 | D:2      | HP: 1/28 [jackal (1)]
  2149 | D:2      | Reached XP level 4. HP: 35/35 MP: 7/7
  2193 | D:2      | Reached skill level 5 in Unarmed Combat
  2545 | D:3      | Noticed Zebura's ghost (average DrSk)
  2596 | D:2      | Learned a level 2 spell: Sticks to Snakes
  2600 | D:2      | Learned a level 3 spell: Spider Form
  2802 | D:3      | Found a glowing golden altar of the Shining One.
  2948 | D:3      | Found a blossoming altar of Fedhas.
  3339 | D:3      | Reached XP level 5. HP: 40/40 MP: 8/8
  3501 | D:3      | Reached skill level 6 in Unarmed Combat
  3790 | D:3      | Slain by an adder

Vault maps used:
D:1:      dpeg_cavernosity
D:2:      minmay_misc_feat_doors, minmay_misc_feat_enclosed
D:3:      lemuel_castle_with_subvaults, fedhas_altar_2, tso_metal_star,
          grunt_ministairs_15

Action                   |  1- 3 |  4- 6 || total
-------------------------+-------+-------++-------
Melee: Unarmed           |   154 |   191 ||   345
 Cast: Beastly Appendage |     6 |     7 ||    13
  Use: Potion            |     2 |     1 ||     3
 Stab: Sleeping          |     3 |     1 ||     4
  Eat: Chunk             |     3 |     6 ||     9
